cohdb
Replays
Latest Replays
All Replays
Popular Replays
Top Player Replays
Match Explorer
How It Works
Community
CoH3 Stats
Reddit
Sign in to upload your games and track your stats! →
Sign in with Steam
Match 33239922
Unlisted
Match 33239922
Overview
Messages
Build Orders
End
Royal Engineer Section
Vickers Machine Gun Team
Selects Air and Sea Battlegroup
Construct Section Command Post
Infantry Section
Infantry Section
Selects Supply Surplus
Construct Platoon Command Post
Infantry Section
Infantry Training
Grenade Package
6-pounder Anti-tank Gun Team
Royal Engineer Section
Construct Resource Cache
Forward Retreat Point
Selects Centaur Medium Tank
Selects Assault Flares
Centaur Medium Tank
Vickers Machine Gun Team
Construct Resource Cache
Construct Company Command Post
Assault Flares
6-pounder Anti-tank Gun Team
6-pounder Anti-tank Gun Team
Crusader II Medium Tank
Assault Flares
Construct Resource Cache
6-pounder Anti-tank Gun Team
iNNo.-
Jimmy
bl4ckjack
A Succulent Stoat
Phan
kamacura
andcrew
colinmeier50
0
0
Comments
sign in to comment!
No comments posted yet!